 BcadrenCrawl: Boulder Brew version 0.04.2-10-g17648f679b (webtiles) character file.

Game seed: 17211773612665368142, levelgen mode: deterministic

9577 diana the Severer (level 11, -9/103 HPs) Minotaur Gladiator. Began on May 5, 2021. Was a Priest of Okawaru. Mangled by an eight-headed hydra (11 damage) ... on level 1 of the Lair of Beasts. The game lasted 00:16:44 (6850 turns).

diana the Severer (Minotaur Gladiator)              Turns: 6850, Time: 00:16:44

Health: -9/103     AC: 19    Str: 22    XL:     11 ^: 8166
Magic:  12/12      EV: 11    Int:  5    God:    Okawaru [3* [83]]
Gold:   774        SH:  0    Dex: 22    Spells: 10/10 levels left

rFire    . . .     Vision   .   a - +0 war axe
rCold    . . .     Gourm    .   (no weapon)
rNeg     . . .     Faith    .   i - +4 chain mail
rPois    .         Spirit   .   k - +2 hat
rElec    .         Reflect  .   (no cloak)
rCorr    .         Harm     .   b - +2 pair of gloves
MR       .....                  (no boots)
Stlth    ..........             (no amulet)
HPRegen  0.44/turn              x - ring of dexterity
MPRegen  0.22/turn              u - ring of dexterity

@: very slightly contaminated, slowed, studying Bows, lightly drained, very slow
A: retaliatory headbutt, horns 2
a: Heroism, Renounce Religion


You were on level 1 of the Lair of Beasts.
You worshipped Okawaru.
Okawaru was most pleased with you.
You were not hungry.

You visited 3 branches of the dungeon, and saw 8 of its levels.

You collected 774 gold pieces.

Inventory:

Weapons
 a - a +0 war axe (weapon)
 n - a +0 war axe
Armour
 b - a +2 pair of gloves (worn)
 i - a +4 chain mail (worn)
 k - a +2 hat (worn)
Jewellery
 t - an uncursed ring of strength
 u - a ring of dexterity (right hand)
 w - an uncursed amulet of guardian spirit
 x - a ring of dexterity (left hand)
Wands
 d - a wand of ensnaring (10)
 p - a wand of polymorph (2)
 r - a wand of hasting (2)
Scrolls
 e - 2 scrolls of bless item
 g - 3 scrolls of magic mapping
 j - 2 scrolls of fog
 l - a scroll of holy word
Potions
 c - a potion of berserk rage
 h - a potion of beneficial mutation
 m - 3 potions of heal wounds
 o - 3 potions of curing
Comestibles
 f - 11 rations


   Skills:
 + Level 11.6(11.3) Fighting
 * Level 15.7(15.4) Axes & Hammers
 + Level 5.5(5.2) Armour
 - Level 3.2(3.0) Dodging
 + Level 2.8(2.6) Invocations
 - Level 1.7(1.5) Evocations


You had 10 spell levels left.
You didn't know any spells.
Your spell library was empty.

Dungeon Overview and Level Annotations

Branches:
Dungeon (6/8)              Temple (1/1) D:4            Lair (1/6) D:5
    Orc: D:6

Altars:
Cheibriados
Elyvilon
Fedhas Madash
Hepliaklqana
Kikubaaqudgha
Nemelex Xobeh
Okawaru
Qazlal
Ru
Uskayaw
Vehumet
Wu Jian
Yredelemnul
The Shining One
Lugonu

Shops:
D:6 *

Annotations:
Lair:1 Gastronok, Sonja


Innate Abilities, Weirdness & Mutations

You reflexively headbutt those who attack you in melee.
You have a pair of horns on your head.


Message History

The wolf closely misses you (0). The wolf barely misses you (0).
You furiously retaliate!
You headbutt the wolf (7)!
You kill the wolf!
Okawaru accepts your kill. The porcupine barely misses you (0).
You furiously retaliate!
You headbutt the porcupine (10)!
The water moccasin barely misses you (0).
The rime drake barely misses you (0). You furiously retaliate!
You headbutt the rime drake (3). The porcupine bites you (9)!
* * * LOW HITPOINT WARNING * * *
The rime drake bites you (2).
* * * LOW HITPOINT WARNING * * *
Unknown command.
Unknown command.
The ice encasing you melts away. The porcupine closely misses you (0).
The rime drake bites you but does no damage.
The eight-headed hydra bites you but does no damage. x2
The eight-headed hydra bites you (11)!
You die...

...............
............. ..§...§..
#....## ##....## #####
####.[....####.#.######
...........>..w.....K...
..........^..†Skrh......
.........]...hhD@.......
##.#.#..hP.#####†#######
#####...P## ### #§..##
§....§ .......
...r..S... ..........
...........


You could see Gastronok, an eight-headed hydra, a rime drake, Sonja, a water
moccasin, 3 wolves and a porcupine.

Vanquished Creatures
  An unseen horror (D:6)
  2 two-headed ogres
  Maurice (D:4)
  An ugly thing (D:6)
  Maggie (D:5)
  A vampire (D:6)
  A wyvern (D:5)
  6 yaks
  Menkaure (D:3)
  A spriggan (D:5)
  A hippogriff (D:5)
  A hungry ghost (D:5)
  A vampire mosquito (D:6)
  Edmund (D:2)
  A water moccasin (D:4)
  3 porcupines
  3 scorpions
  3 orc warriors
  An ice beast (D:4)
  3 sky beasts
  2 ogres (D:3)
  A wolf (Lair:1)
  4 big kobolds
  3 bullfrogs
  A harpy zombie (D:3)
  2 centaurs (D:5)
  A gnoll sergeant (D:5)
  3 howler monkeys (D:4)
  A hornet zombie (D:4)
  A killer bee (D:6)
  A wight (D:3)
  A crimson imp (D:3)
  A gnoll shaman (D:4)
  5 orc priests
  8 hounds
  13 jellies (D:2)
  2 iguanas
  8 orc wizards
  12 worker ants
  A statue (D:5)
  6 giant cockroaches
  3 bullfrog zombies
  4 bullfrog skeletons (D:4)
  15 adders
  8 gnolls
  49 sewer rats
  2 white imps (D:4)
  2 worms (D:2)
  10 cinder newts
  A hound skeleton (D:3)
  3 oozes (D:2)
  2 dart slugs (D:1)
  9 leopard geckos
  30 orcs
  2 adder skeletons
  A cinder newt skeleton (D:2)
  7 hobgoblins (D:1)
  11 jackals
  3 quokkas
  5 ball pythons
  5 bats
  2 bat zombies (D:3)
  4 goblins (D:1)
  A goblin skeleton (D:2)
  A hobgoblin skeleton (D:2)
  20 kobolds
  2 orc skeletons (D:2)
  9 rats
  2 rat zombies (D:3)
  4 bushes (D:4)
  A butterfly (D:6)
  A demonic plant (Temple)
  11 withered plants (D:2)
341 creatures vanquished.

Vanquished Creatures (others)
  A jelly (D:2)
  A gnoll (D:5)
  2 sewer rats (D:2)
  A worm (D:2)
  A ball python (D:2)
  2 giant blowflies (D:2)
  A plant (Lair:1)
  3 slimeheads (D:2)
  108 withered plants (D:2)
120 creatures vanquished.

Grand Total: 461 creatures vanquished

Notes
Turn   | Place    | Note
-------+----------+-------------------------------------------
     0 | D:1      | diana the Minotaur Gladiator began the quest for the Orb.
     0 | D:1      | Reached XP level 1. HP: 18/18 MP: 1/1
    27 | D:1      | Reached skill level 4 in Axes & Hammers
    27 | D:1      | Reached XP level 2. HP: 25/25 MP: 2/2
   399 | D:1      | Reached XP level 3. HP: 31/31 MP: 3/3
   464 | D:1      | Reached skill level 5 in Axes & Hammers
   593 | D:1      | Reached XP level 4. HP: 38/38 MP: 4/4
   743 | D:2      | Noticed a bullfrog
   748 | D:2      | Killed a bullfrog
   748 | D:2      | Reached skill level 6 in Axes & Hammers
   751 | D:2      | Reached XP level 5. HP: 38/46 MP: 5/5
   849 | D:2      | Noticed Edmund
   852 | D:2      | Reached skill level 7 in Axes & Hammers
   852 | D:2      | Reached XP level 6. HP: 51/53 MP: 6/6
   860 | D:2      | Reached skill level 5 in Fighting
   934 | D:2      | Killed Edmund
   934 | D:2      | Reached skill level 8 in Axes & Hammers
  1095 | D:2      | Reached XP level 7. HP: 61/61 MP: 7/7
  1267 | D:2      | Reached skill level 9 in Axes & Hammers
  1478 | D:2      | Identified the cursed amulet "Sycabypa" {RegenMP Str+4,
                  | (Curse: Fragile)}
  1482 | D:2      | Reached XP level 8. HP: 47/71 MP: 8/8
  1486 | D:2      | Reached skill level 10 in Axes & Hammers
  2305 | D:2      | Found a sparkling altar of Nemelex Xobeh.
  2605 | D:2      | Identified a scroll of acquirement
  2927 | D:3      | Reached skill level 11 in Axes & Hammers
  2944 | D:3      | Noticed Menkaure
  2952 | D:3      | Killed Menkaure
  3396 | D:3      | Reached XP level 9. HP: 73/82 MP: 9/9
  3408 | D:3      | Reached skill level 12 in Axes & Hammers
  3426 | D:3      | Found an ancient bone altar of Kikubaaqudgha.
  3886 | D:4      | Noticed Maurice
  3951 | D:4      | Found a staircase to the Ecumenical Temple.
  4044 | Temple   | Entered the Ecumenical Temple
  4098 | D:4      | Reached skill level 13 in Axes & Hammers
  4108 | D:4      | Killed Maurice
  4116 | D:4      | Reached skill level 10 in Fighting
  4164 | D:4      | Identified the cursed ring "Qottuaci" {*Tele rC+, (Curse:
                  | Fragile)}
  4205 | Temple   | Reached XP level 10. HP: 10/93 MP: 10/10
  4455 | D:4      | Reached skill level 14 in Axes & Hammers
  4780 | D:4      | Reached skill level 1 in Armour
  4838 | D:4      | Found a hazy altar of Hepliaklqana.
  4991 | D:5      | Entered Level 5 of the Dungeon
  5100 | D:5      | Found a staircase to the Lair.
  5122 | D:5      | Found a snail-covered altar of Cheibriados.
  5123 | D:5      | Found an iron altar of Okawaru.
  5247 | D:5      | Became a worshipper of Warmaster Okawaru
  5339 | D:5      | Noticed a two-headed ogre
  5637 | D:5      | Noticed Maggie
  5725 | D:5      | Killed Maggie
  5725 | D:5      | Received a gift from Okawaru
  5883 | D:5      | Reached * piety under Okawaru
  5904 | D:5      | Reached skill level 15 in Axes & Hammers
  5988 | D:5      | Killed a two-headed ogre
  5988 | D:5      | Reached ** piety under Okawaru
  5988 | D:5      | Reached skill level 1 in Invocations
  6132 | D:5      | Received a gift from Okawaru
  6158 | D:5      | Found a radiant altar of Vehumet.
  6266 | D:5      | Found an ornate altar of the Wu Jian Council.
  6428 | D:6      | Found Vostriv's Assorted Antiques.
  6436 | D:6      | Killed an unseen horror
  6436 | D:6      | Reached XP level 11. HP: 94/102 MP: 11/11
  6517 | D:6      | Noticed a two-headed ogre
  6523 | D:6      | Killed a two-headed ogre
  6523 | D:6      | Reached skill level 5 in Armour
  6676 | D:6      | Reached *** piety under Okawaru
  6702 | D:6      | Noticed a death knight
  6785 | Lair:1   | Entered Level 1 of the Lair of Beasts
  6836 | Lair:1   | Noticed Sonja
  6836 | Lair:1   | Noticed an eight-headed hydra
  6836 | Lair:1   | Noticed Gastronok
  6849 | Lair:1   | HP: 4/103 [porcupine (9)]
  6850 | Lair:1   | Mangled by an eight-headed hydra

Levels and vault maps discovered:
D:1:      minmay_arrival_cross, layout_loops_ring
D:2:      layout_sewer, nemelex_altar_shiori, first_ration, uniq_edmund
D:3:      layout_rooms, lemuel_zombie_altar_kikubaaqudgha, uniq_menkaure
D:4:      layout_cave_pools, nicolae_overflow_crystal_walls,
          minmay_temple_entry_trees, uniq_maurice
D:5:      layout_irregular_city, lemuel_doored_altar, old_standard_altar,
          overflow_temple_1_default, vehumet_statue, lair_entry_dummy,
          grunt_pizzeria, uniq_maggie
D:6:      ossuary_the_hunt_dpeg, layout_loops_ring, lemuel_round_altar,
          old_standard_altar, kennysheep_orc_monster_closet_entryway,
          serial_shops, shop, chequers_decorated_corner
Temple:   corrupted_temple
Lair:1:   layout_long_grid, chequers_ossuary_entry_cave, uniq_gastronok,
          uniq_sonja, uniq_nergalle

Skill      XL: |  1  2  3  4  5  6  7  8  9 10 11 |
---------------+----------------------------------+-----
Axes & Hammers | 4 5 6 7 8 9 11 13 15 | 15.7
Fighting       | 3 4 5 6 8 10 11 | 11.6
Armour         | 4 5 |  5.5
Invocations    | 1 2 |  2.8
Dodging        | |  3.2
Evocations     | |  1.7

Action                   |  1- 3 |  4- 6 |  7- 9 | 10-12 || total
-------------------------+-------+-------+-------+-------++-------
Melee: War axe           |    35 |    41 |   261 |   139 ||   476
       Unarmed           |     8 |    26 |   129 |    62 ||   225
       Headbutt          |     1 |     3 |    40 |    33 ||    77
  Use: Potion            |       |       |     2 |       ||     2
       Scroll            |       |       |       |     3 ||     3
 Stab: Sleeping          |     1 |       |     1 |       ||     2
  Eat: Chunk             |       |       |    12 |    10 ||    22
Armor: Leather armour    |       |     4 |    48 |     2 ||    54
       Chain mail        |       |       |       |    76 ||    76
Dodge: Dodged            |    32 |    35 |   185 |    54 ||   306
